| TOP OF THE 1ST |
|
Lexington Legends batting - Pitching for Hickory Crawdads : RHP Alexander Neustroev
|
|
Pitching: RHP Alexander Neustroev
|
|
|
Batting: RHB Yi-lin Niu
|
0-0: Swinging Strike 0-1: Ball 1-1: Ball 2-1: Called Strike 2-2: SINGLE (Groundball, 4MS, EV 68.8 MPH) (infield hit)
|
|
Batting: RHB Nate De Jongh
|
Pickoff Throw to First - Out! 1-3 0-0: Called Strike 0-1: Ball 1-1: Called Strike 1-2: Strikes out swinging
|
|
Batting: RHB Nick Julien
|
0-0: Ball 1-0: Foul Ball, location: 2F 1-1: SINGLE (Line Drive, 5D, EV 95.6 MPH)
|
|
Batting: LHB Pablo Serrato
|
0-0: Foul Ball, location: 2F 0-1: Ball 1-1: Foul Ball, location: 2F 1-2: Ball 2-2: Foul Ball, location: 2F 2-2: Foul Ball, location: 2F 2-2: Foul Ball, location: 2F 2-2: Ball 3-2: Ground out 4-3 (Groundball, 4, EV 79.4 MPH)
|
| Top of the 1st over - 0 runs, 2 hits, 0 errors, 1 left on base; Lexington 0 - Hickory 0 |
| BOTTOM OF THE 1ST |
|
Hickory Crawdads batting - Pitching for Lexington Legends : RHP Tony Jimenez
|
|
Pitching: RHP Tony Jimenez
|
|
|
Batting: RHB Aaron Moore
|
0-0: Ball 1-0: Ball 2-0: Ball 3-0: Called Strike 3-1: Base on Balls
|
|
Batting: SHB Quido van Erp
|
0-0: Swinging Strike 0-1: Ball 1-1: Called Strike Aaron Moore steals 2nd base (no throw) 1-2: Ball 2-2: Ball 3-2: Fly out, F8 (Flyball, 8LM, EV 83.8 MPH)
|
|
Batting: RHB Dermott Neill
|
0-0: Ground out 6-3 (Groundball, 6, EV 88.8 MPH) Aaron Moore to third
|
|
Batting: SHB Todd Hewitt
|
0-0: Ball 1-0: Ball 2-0: SINGLE (Groundball, 4MD, EV 106.9 MPH) Aaron Moore scores
|
|
Batting: LHB Lee Gerken
|
0-0: Ball 1-0: Swinging Strike 1-1: Called Strike 1-2: SINGLE (Line Drive, 78M, EV 101.2 MPH) Todd Hewitt to second Runner from 2nd tries for 3rd, SAFE, throw by LF made to third
|
|
Batting: RHB Salvador Caldera
|
0-0: Ball 1-0: Called Strike 1-1: Ball 2-1: Ball 3-1: Swinging Strike 3-2: Foul Ball, location: 2F 3-2: Base on Balls Lee Gerken to second
|
|
Batting: RHB Victor Moya
|
0-0: Ball 1-0: Called Strike 1-1: Fly out, F8 (Flyball, 78M, EV 95.0 MPH)
|
| Bottom of the 1st over - 1 run, 2 hits, 0 errors, 3 left on base; Lexington 0 - Hickory 1 |
| TOP OF THE 2ND |
|
Lexington Legends batting - Pitching for Hickory Crawdads : RHP Alexander Neustroev
|
|
Batting: RHB Phil Hamby
|
0-0: Foul Ball, location: 2F 0-1: Ball 1-1: Ball 2-1: Foul Ball, location: 2F 2-2: Foul Ball, location: 2F 2-2: Foul Ball, location: 2F 2-2: Strikes out swinging
|
|
Batting: SHB Bill Ertl
|
0-0: Called Strike 0-1: Ball 1-1: Ball 2-1: Ball 3-1: Base on Balls
|
|
Batting: RHB Justin Goff
|
0-0: Foul Ball, location: 2F 0-1: Grounds into double play, 4-6-3 (Groundball, 4, EV 82.5 MPH)
|
| Top of the 2nd over - 0 runs, 0 hits, 0 errors, 0 left on base; Lexington 0 - Hickory 1 |
| BOTTOM OF THE 2ND |
|
Hickory Crawdads batting - Pitching for Lexington Legends : RHP Tony Jimenez
|
|
Batting: RHB Zach Thomason
|
0-0: Fly out, F8 (Flyball, 8RXD, EV 108.8 MPH)
|
|
Batting: RHB Johannes Gutermuth
|
0-0: Called Strike 0-1: Swinging Strike 0-2: Ball 1-2: Ball 2-2: Ball 3-2: Ground out U3 (Groundball, 34, EV 100.0 MPH)
|
|
Batting: RHB Aaron Moore
|
0-0: Called Strike 0-1: Ball 1-1: Swinging Strike 1-2: Strikes out swinging
|
| Bottom of the 2nd over - 0 runs, 0 hits, 0 errors, 0 left on base; Lexington 0 - Hickory 1 |
| TOP OF THE 3RD |
|
Lexington Legends batting - Pitching for Hickory Crawdads : RHP Alexander Neustroev
|
|
Batting: LHB Danny Pacheco
|
0-0: Ball 1-0: Swinging Strike 1-1: Foul Ball, location: 2F 1-2: Ball 2-2: Strikes out swinging
|
|
Batting: RHB Carlos Santoni
|
0-0: Ball 1-0: Swinging Strike 1-1: Bunt missed! 1-2: DOUBLE (Flyball, 89D, EV 94.4 MPH)
|
|
Batting: RHB Yi-lin Niu
|
0-0: 2-RUN HOME RUN (Flyball, 7D, EV 105.6 MPH), Distance : 388 ft
|
|
Batting: RHB Nate De Jongh
|
0-0: Ball 1-0: Foul Ball, location: 2F 1-1: Called Strike 1-2: Foul Ball, location: 2F 1-2: Ball 2-2: Fly out, F3 (Popup, 23F, EV 74.4 MPH)
|
|
Batting: RHB Nick Julien
|
0-0: Ball 1-0: Ball 2-0: Called Strike 2-1: Ball 3-1: SOLO HOME RUN (Flyball, 7LD, EV 98.8 MPH), Distance : 352 ft
|
|
Batting: LHB Pablo Serrato
|
0-0: Called Strike 0-1: SINGLE (Groundball, 56S, EV 65.0 MPH) (infield hit)
|
|
Batting: RHB Phil Hamby
|
0-0: Ball 1-0: Swinging Strike 1-1: Swinging Strike 1-2: Ball 2-2: Foul Ball, location: 2F 2-2: Strikes out swinging
|
| Top of the 3rd over - 3 runs, 4 hits, 0 errors, 1 left on base; Lexington 3 - Hickory 1 |
| BOTTOM OF THE 3RD |
|
Hickory Crawdads batting - Pitching for Lexington Legends : RHP Tony Jimenez
|
|
Batting: SHB Quido van Erp
|
0-0: Ball 1-0: Ball 2-0: Ball 3-0: Base on Balls
|
|
Batting: RHB Dermott Neill
|
0-0: Ball 1-0: Called Strike 1-1: Ball 2-1: Foul Ball, location: 2F 2-2: Ball 3-2: Fly out, F3 (Popup, 3SF, EV 81.2 MPH)
|
|
Pitching: LHP Tyler Abraham
|
|
|
Batting: SHB Todd Hewitt
|
0-0: Ball 1-0: Called Strike 1-1: Reached on error, E4 (Groundball, 4, EV 86.2 MPH) Quido van Erp to second
|
|
Pinch Hitting: RHB Dave Brabo
|
0-0: Ball 1-0: Foul Ball, location: 2F 1-1: Ball 2-1: Called Strike 2-2: Ball 3-2: Strikes out swinging
|
|
Batting: RHB Salvador Caldera
|
0-0: Ball 1-0: Ball 2-0: Called Strike 2-1: Foul Ball, location: 2F 2-2: Strikes out swinging
|
| Bottom of the 3rd over - 0 runs, 0 hits, 1 error, 2 left on base; Lexington 3 - Hickory 1 |
| TOP OF THE 4TH |
|
Lexington Legends batting - Pitching for Hickory Crawdads : RHP Alexander Neustroev
|
|
Now at 1B: Victor Moya
|
|
|
Now at 3B: Johannes Gutermuth
|
|
|
Now at SS: Dave Brabo
|
|
|
Batting: SHB Bill Ertl
|
0-0: Ball 1-0: Called Strike 1-1: Called Strike 1-2: Foul Ball, location: 2F 1-2: Ball 2-2: DOUBLE (Groundball, 3L, EV 101.2 MPH)
|
|
Batting: RHB Justin Goff
|
0-0: Ball 1-0: Foul Ball, location: 2F 1-1: Reached on error, E5 (Groundball, 56, EV 98.8 MPH) Bill Ertl scores
|
|
Batting: LHB Danny Pacheco
|
0-0: Called Strike 0-1: Ground out 1-3 (Groundball, 13, EV 66.2 MPH) Justin Goff to third
|
|
Batting: RHB Carlos Santoni
|
0-0: Ball Wild Pitch! Justin Goff scores 1-0: Ground out 6-3 (Groundball, 6, EV 86.2 MPH)
|
|
Batting: RHB Yi-lin Niu
|
0-0: Called Strike 0-1: Ball 1-1: Foul Ball, location: 2F 1-2: Foul Ball, location: 2F 1-2: Ball 2-2: DOUBLE (Groundball, 3L, EV 109.4 MPH)
|
|
Pitching: LHP Matt Wass
|
|
|
Batting: RHB Nate De Jongh
|
0-0: Ball 1-0: Swinging Strike 1-1: Called Strike 1-2: Ball 2-2: Strikes out looking
|
| Top of the 4th over - 2 runs, 2 hits, 1 error, 1 left on base; Lexington 5 - Hickory 1 |
| BOTTOM OF THE 4TH |
|
Hickory Crawdads batting - Pitching for Lexington Legends : LHP Tyler Abraham
|
|
Batting: RHB Victor Moya
|
0-0: Called Strike 0-1: SINGLE (Groundball, 5D, EV 94.4 MPH)
|
|
Batting: RHB Zach Thomason
|
0-0: Fielders Choice at 2nd, 6-4 (Groundball, 6, EV 87.5 MPH)
|
|
Batting: RHB Johannes Gutermuth
|
0-0: Ball 1-0: Foul Ball, location: 2F 1-1: Fly out, F9 (Flyball, 89M, EV 88.1 MPH)
|
|
Batting: RHB Aaron Moore
|
0-0: Ball 1-0: Ball 2-0: Ball 3-0: Base on Balls Zach Thomason to second
|
|
Batting: SHB Quido van Erp
|
0-0: Ball 1-0: Fly out, F8 (Line Drive, 8LM, EV 85.0 MPH)
|
| Bottom of the 4th over - 0 runs, 1 hit, 0 errors, 2 left on base; Lexington 5 - Hickory 1 |
| TOP OF THE 5TH |
|
Lexington Legends batting - Pitching for Hickory Crawdads : LHP Matt Wass
|
|
Batting: RHB Nick Julien
|
0-0: Called Strike 0-1: Ball 1-1: Foul Ball, location: 2F 1-2: Ball 2-2: Ball 3-2: Strikes out looking
|
|
Batting: LHB Pablo Serrato
|
0-0: Called Strike 0-1: Ball 1-1: Called Strike 1-2: Ground out U3 (Groundball, 3L, EV 87.5 MPH)
|
|
Batting: RHB Phil Hamby
|
0-0: Ball 1-0: Foul Ball, location: 2F 1-1: Ball 2-1: Ball 3-1: Base on Balls
|
|
Batting: SHB Bill Ertl
|
0-0: Ball 1-0: Called Strike 1-1: Called Strike 1-2: Fielders Choice at 2nd, 6-4 (Groundball, 6, EV 80.0 MPH)
|
| Top of the 5th over - 0 runs, 0 hits, 0 errors, 1 left on base; Lexington 5 - Hickory 1 |
| BOTTOM OF THE 5TH |
|
Hickory Crawdads batting - Pitching for Lexington Legends : LHP Tyler Abraham
|
|
Batting: RHB Dermott Neill
|
0-0: Fly out, F7 (Flyball, 7, EV 95.0 MPH)
|
|
Batting: SHB Todd Hewitt
|
0-0: Called Strike 0-1: Ground out 6-3 (Groundball, 6D, EV 84.4 MPH)
|
|
Batting: RHB Dave Brabo
|
0-0: Ball 1-0: Ball 2-0: Foul Ball, location: 2F 2-1: Ball 3-1: Foul Ball, location: 2F 3-2: DOUBLE (Flyball, 8RXD, EV 105.6 MPH)
|
|
Pitching: RHP Luis Diaz
|
|
|
Batting: RHB Salvador Caldera
|
0-0: Foul Ball, location: 2F 0-1: Ball 1-1: Ball 2-1: Ball 3-1: Foul Ball, location: 2F 3-2: Base on Balls
|
|
Pinch Hitting: LHB Gabriel Graves
|
0-0: Ball 1-0: Called Strike 1-1: Ball 2-1: Ball 3-1: Base on Balls Dave Brabo to third Salvador Caldera to second
|
|
Batting: RHB Zach Thomason
|
0-0: Called Strike 0-1: Called Strike 0-2: Foul Ball, location: 2F 0-2: Ball 1-2: Ball 2-2: Reached via error on a dropped throw from 1B, E1 (Groundball, 13, EV 91.9 MPH) Dave Brabo scores Salvador Caldera to third Gabriel Graves to second
|
|
Batting: RHB Johannes Gutermuth
|
0-0: Called Strike 0-1: Ball 1-1: Fly out, F8 (Flyball, 89D, EV 90.0 MPH)
|
| Bottom of the 5th over - 1 run, 1 hit, 1 error, 3 left on base; Lexington 5 - Hickory 2 |
| TOP OF THE 6TH |
|
Lexington Legends batting - Pitching for Hickory Crawdads : LHP Matt Wass
|
|
Now at 1B: Brian Gray
|
|
|
Batting: RHB Justin Goff
|
0-0: Ball 1-0: Ground out 6-3 (Groundball, 56, EV 84.4 MPH)
|
|
Batting: LHB Danny Pacheco
|
0-0: Called Strike 0-1: Ball 1-1: Foul Ball, location: 2F 1-2: Ground out 4-3 (Groundball, 4, EV 85.6 MPH)
|
|
Batting: RHB Carlos Santoni
|
0-0: Ground out 5-3 (Groundball, 5, EV 86.2 MPH)
|
| Top of the 6th over - 0 runs, 0 hits, 0 errors, 0 left on base; Lexington 5 - Hickory 2 |
| BOTTOM OF THE 6TH |
|
Hickory Crawdads batting - Pitching for Lexington Legends : RHP Luis Diaz
|
|
Batting: RHB Aaron Moore
|
0-0: Ball 1-0: Called Strike 1-1: Foul Ball, location: 2F 1-2: Strikes out swinging
|
|
Pitching: RHP Gary Ackerman
|
|
|
Batting: SHB Quido van Erp
|
0-0: Ball 1-0: Ball 2-0: Ball 3-0: Called Strike 3-1: Base on Balls
|
|
Batting: RHB Dermott Neill
|
0-0: Swinging Strike 0-1: Called Strike 0-2: Strikes out looking
|
|
Batting: SHB Todd Hewitt
|
0-0: DOUBLE (Line Drive, 3D, EV 94.4 MPH) Quido van Erp to third
|
|
Batting: RHB Dave Brabo
|
0-0: Ball 1-0: Ball 2-0: TRIPLE (Line Drive, 9D, EV 110.0 MPH) Quido van Erp scores Todd Hewitt scores
|
|
Batting: RHB Salvador Caldera
|
0-0: Ball 1-0: Ball Wild Pitch! Dave Brabo scores 2-0: Called Strike 2-1: Ball 3-1: Foul Ball, location: 2F 3-2: Strikes out looking
|
| Bottom of the 6th over - 3 runs, 2 hits, 0 errors, 0 left on base; Lexington 5 - Hickory 5 |
| TOP OF THE 7TH |
|
Lexington Legends batting - Pitching for Hickory Crawdads : LHP Matt Wass
|
|
Batting: RHB Yi-lin Niu
|
0-0: Hit by Pitch
|
|
Batting: RHB Nate De Jongh
|
0-0: Ball 1-0: Sac Bunt to 2R - play at first, batter OUT! 2-3 Yi-lin Niu to second
|
|
Batting: RHB Nick Julien
|
0-0: Intentional Walk
|
|
Batting: LHB Pablo Serrato
|
0-0: Called Strike 0-1: Ball 1-1: Ball 2-1: Ball 3-1: Foul Ball, location: 2F 3-2: Foul Ball, location: 2F 3-2: Base on Balls Yi-lin Niu to third Nick Julien to second
|
|
Batting: RHB Phil Hamby
|
0-0: DOUBLE (Groundball, 5L, EV 101.2 MPH) Yi-lin Niu scores Nick Julien scores Pablo Serrato to third
|
|
Batting: SHB Bill Ertl
|
0-0: Called Strike 0-1: Ball 1-1: Foul Ball, location: 2F 1-2: Ball 2-2: Foul Ball, location: 2F 2-2: Foul Ball, location: 2F 2-2: Ball 3-2: Ground out 5-3 (Groundball, 56, EV 80.0 MPH) Pablo Serrato scores
|
|
Pitching: RHP Errol Dondale
|
|
|
Batting: RHB Justin Goff
|
0-0: Ball 1-0: Foul Ball, location: 2F 1-1: Ball 2-1: Foul Ball, location: 2F 2-2: Strikes out swinging
|
| Top of the 7th over - 3 runs, 1 hit, 0 errors, 1 left on base; Lexington 8 - Hickory 5 |
| BOTTOM OF THE 7TH |
|
Hickory Crawdads batting - Pitching for Lexington Legends : RHP Gary Ackerman
|
|
Pitching: RHP Nam Phong
|
|
|
Batting: LHB Brian Gray
|
0-0: Foul Ball, location: 2F 0-1: Called Strike 0-2: Strikes out swinging
|
|
Batting: RHB Zach Thomason
|
0-0: Ball 1-0: Foul Ball, location: 2F 1-1: Ball 2-1: Foul Ball, location: 2F 2-2: Strikes out swinging
|
|
Batting: RHB Johannes Gutermuth
|
0-0: Foul Ball, location: 2F 0-1: Foul Ball, location: 2F 0-2: Foul Ball, location: 2F 0-2: Ball 1-2: Ball 2-2: Ball 3-2: SINGLE (Groundball, 6D, EV 100.0 MPH)
|
|
Batting: RHB Aaron Moore
|
0-0: Called Strike 0-1: Fielders Choice at 2nd, 5-4 (Groundball, 5, EV 105.0 MPH)
|
| Bottom of the 7th over - 0 runs, 1 hit, 0 errors, 1 left on base; Lexington 8 - Hickory 5 |
| TOP OF THE 8TH |
|
Lexington Legends batting - Pitching for Hickory Crawdads : RHP Errol Dondale
|
|
Batting: LHB Danny Pacheco
|
0-0: Foul Ball, location: 2F 0-1: Ball 1-1: Ground out 5-3 (Groundball, 56, EV 88.1 MPH)
|
|
Batting: RHB Carlos Santoni
|
0-0: Ball 1-0: Called Strike 1-1: Called Strike 1-2: Ball 2-2: Strikes out swinging
|
|
Batting: RHB Yi-lin Niu
|
0-0: SINGLE (Groundball, 4MD, EV 108.1 MPH)
|
|
Batting: RHB Nate De Jongh
|
0-0: Ball 1-0: Foul Ball, location: 2F 1-1: Ball 2-1: Foul Ball, location: 2F 2-2: Ball 3-2: Strikes out swinging
|
| Top of the 8th over - 0 runs, 1 hit, 0 errors, 1 left on base; Lexington 8 - Hickory 5 |
| BOTTOM OF THE 8TH |
|
Hickory Crawdads batting - Pitching for Lexington Legends : RHP Nam Phong
|
|
Pitching: RHP Ian Current
|
|
|
Batting: SHB Quido van Erp
|
0-0: Ball 1-0: Swinging Strike 1-1: Fly out, F9 (Flyball, 89M, EV 91.9 MPH)
|
|
Batting: LHB Tim Olsen
|
0-0: Ground out 6-3 (Groundball, 4M, EV 90.6 MPH)
|
|
Batting: SHB Todd Hewitt
|
0-0: Called Strike 0-1: Ball 1-1: Ground out 4-3 (Groundball, 4, EV 103.1 MPH)
|
| Bottom of the 8th over - 0 runs, 0 hits, 0 errors, 0 left on base; Lexington 8 - Hickory 5 |
| TOP OF THE 9TH |
|
Lexington Legends batting - Pitching for Hickory Crawdads : RHP Errol Dondale
|
|
Pitching: RHP Jon Huizenga
|
|
|
Batting: RHB Nick Julien
|
0-0: Ball 1-0: DOUBLE (Flyball, 78XD, EV 91.2 MPH)
|
|
Batting: LHB Pablo Serrato
|
0-0: Swinging Strike 0-1: Foul Ball, location: 2F 0-2: Ball Wild Pitch! Nick Julien to third 1-2: Ball 2-2: Strikes out swinging
|
|
Batting: RHB Phil Hamby
|
0-0: Ball 1-0: Swinging Strike 1-1: Ball 2-1: Ball 3-1: Called Strike 3-2: Foul Ball, location: 2F 3-2: Strikes out swinging
|
|
Batting: SHB Bill Ertl
|
0-0: Ball 1-0: SINGLE (Line Drive, 56, EV 109.4 MPH) Nick Julien scores
|
|
Batting: RHB Justin Goff
|
0-0: Ball 1-0: Foul Ball, location: 2F 1-1: Ball 2-1: Ball 3-1: Base on Balls Bill Ertl to second
|
|
Batting: LHB Danny Pacheco
|
0-0: Ground out 4-3 (Groundball, 34D, EV 86.9 MPH)
|
| Top of the 9th over - 1 run, 2 hits, 0 errors, 2 left on base; Lexington 9 - Hickory 5 |
| BOTTOM OF THE 9TH |
|
Hickory Crawdads batting - Pitching for Lexington Legends : RHP Ian Current
|
|
Batting: RHB Dave Brabo
|
0-0: Swinging Strike 0-1: Swinging Strike 0-2: Foul Ball, location: 2F 0-2: Foul Ball, location: 2F 0-2: Ground out 4-3 (Groundball, 4S, EV 68.1 MPH)
|
|
Batting: RHB Salvador Caldera
|
0-0: Called Strike 0-1: Ball 1-1: Foul Ball, location: 2F 1-2: Foul Ball, location: 2F 1-2: Ball 2-2: SINGLE (Line Drive, 89S, EV 94.4 MPH)
|
|
Pitching: LHP Butch Ott
|
|
|
Batting: LHB Brian Gray
|
0-0: Foul Ball, location: 2F 0-1: Called Strike 0-2: Foul Ball, location: 2F 0-2: Ball 1-2: Strikes out swinging
|
|
Batting: RHB Zach Thomason
|
0-0: Ball 1-0: 2-RUN HOME RUN (Flyball, 78XD, EV 105.6 MPH), Distance : 434 ft
|
|
Batting: RHB Johannes Gutermuth
|
0-0: Ball 1-0: Ball 2-0: Ball 3-0: Base on Balls
|
|
Batting: RHB Aaron Moore
|
0-0: Called Strike 0-1: Ball 1-1: Foul Ball, location: 2F 1-2: Ball 2-2: SINGLE (Flyball, 8LS, EV 84.4 MPH) Johannes Gutermuth to second
|
|
Batting: SHB Quido van Erp
|
0-0: Ball 1-0: Foul Ball, location: 2F 1-1: Foul Ball, location: 2F 1-2: Ball 2-2: Ball 3-2: Base on Balls Johannes Gutermuth to third Aaron Moore to second
|
|
Pitching: RHP Kolenka Leschenya
|
|
|
Batting: LHB Tim Olsen
|
0-0: Ball 1-0: Called Strike 1-1: Ball 2-1: Ball 3-1: Base on Balls Johannes Gutermuth scores Aaron Moore to third Quido van Erp to second
|
|
Batting: SHB Todd Hewitt
|
0-0: Called Strike 0-1: Ball 1-1: Ball 2-1: Fly out, F8 (Flyball, 78M, EV 89.4 MPH)
|
| Bottom of the 9th over - 3 runs, 3 hits, 0 errors, 3 left on base; Lexington 9 - Hickory 8 |
|